 Dungeon Crawl Stone Soup version 0.29-a0-330-g52719c12eb (webtiles) character file.

Game seed: 11673208008449646413

5318 vineage the Fighter (level 10, 0/72 HPs)
             Began as a Gargoyle Fighter on May 4, 2022.
             Was a Priest of Okawaru.
             Shot with an arrow by a centaur (10 damage)
             ... on level 2 of the Lair of Beasts.
             The game lasted 00:10:19 (8073 turns).

vineage the Fighter (Gargoyle Fighter)              Turns: 8073, Time: 00:10:19

Health: 0/72       AC: 16    Str: 23      XL:     10   Next: 64%
Magic:  10/10      EV:  9    Int:  8      God:    Okawaru [***...]
Gold:   531        SH:  6    Dex:  8 (11) Spells: 9/9 levels left

rFire   + . .      SeeInvis .   q - +3 flail (freeze)
rCold   + . .      Faith    .   c - +1 buckler
rNeg    + . .      Spirit   .   b - +0 scale mail
rPois   ∞          Reflect  .   (no helmet)
rElec   +          Harm     .   a - +0 cloak
rCorr   .          Rampage  .   (no gloves)
Will    .....                   (no boots)
Stlth   ..........              o - amulet of regeneration
HPRegen 1.02/turn               J - ring of protection from fire
MPRegen 0.12/turn               k - ring of protection from cold

@: no status effects
A: sickness immunity, AC +7, negative energy resistance 1, electricity
resistance, torment resistance 1, petrification resistance
a: Renounce Religion, Heroism


You were on level 2 of the Lair of Beasts.
You worshipped Okawaru.
Okawaru was most pleased with you.
You visited 3 branches of the dungeon, and saw 11 of its levels.

You collected 531 gold pieces.

Inventory:

Hand Weapons
 q - a +3 flail of freezing (weapon)
 s - a +1 whip of flaming
Missiles
 i - 2 throwing nets (quivered)
Armour
 a - a +0 cloak (worn)
 b - a +0 scale mail (worn)
 c - a +1 buckler (worn)
Jewellery
 k - a ring of protection from cold (right hand)
 o - an amulet of regeneration (around neck)
 C - a ring of protection from fire
 D - an amulet of the acrobat
 J - a ring of protection from fire (left hand)
Wands
 v - a wand of flame (33)
 w - a wand of paralysis (10)
 A - a wand of digging (7)
Scrolls
 f - 4 scrolls of fog
 g - a scroll of teleportation
 p - 2 scrolls of torment
 t - a scroll of enchant armour
Potions
 d - 2 potions of might
 e - 3 potions of curing
 h - 2 potions of lignification
 j - a potion of cancellation
 l - 2 potions of haste
 m - 4 potions of ambrosia
 n - a potion of invisibility
 r - a potion of brilliance
 u - 2 potions of magic
 x - 4 potions of attraction
 z - a potion of degeneration
 B - a potion of mutation {unknown}
 H - a potion of resistance {unknown}


   Skills:
 * Level 12.6 Fighting
 + Level 8.2 Maces & Flails
 + Level 6.4 Armour
 + Level 6.4 Shields


You had 9 spell levels left.
You didn't know any spells.
Your spell library contained the following spells:

 Spells                   Type           Power      Damage    Failure   Level
 Foxfire                  Conj/Fire      0%         2x1d4     78%         1
 Pain                     Necr           0%         1d4       78%         1
 Sandblast                Erth           0%         2d4       78%         1
 Passwall                 Tmut/Erth      0%         N/A       89%         2
 Conjure Flame            Conj/Fire      0%         6-21      98%         3
 Ignite Poison            Fire/Tmut/Pois 0%         N/A       98%         3
 Stone Arrow              Conj/Erth      0%         3d7       98%         3
 Vampiric Draining        Necr           0%         2d6       98%         3
 Sticky Flame             Conj/Fire      0%         2d3       100%        4
 Animate Skeleton         Necr           Unusable   N/A       N/A         1
 Summon Forest            Summ/Tloc      Unusable   N/A       N/A         5
 Monstrous Menagerie      Summ           Unusable   N/A       N/A         7
 Summon Hydra             Summ           Unusable   N/A       N/A         7

Dungeon Overview and Level Annotations

Branches:
Dungeon (8/15)             Temple (1/1) D:4            Lair (2/6) D:8
 Shoals (0/4) Lair:2
  Snake: Lair:2-4    Spider: Lair:2-4

Altars:
Ashenzari
Cheibriados
Dithmenos
Elyvilon
Fedhas
Gozag
Hepliaklqana
Kikubaaqudgha
Makhleb
Nemelex Xobeh
Okawaru
Qazlal
Ru
Sif Muna
Trog
Uskayaw
Vehumet
Xom
Yredelemnul
Zin
The Shining One

Shops:
D:4 [   D:6 (!*

Annotations:
D:8 1 transporter, initializr's ghost, novice GrFi
Lair:2 Harold


Innate Abilities, Weirdness & Mutations

You are immune to sickness and miasma.
Your stone body is resilient. (AC +7)
You are immune to poison.
You resist negative energy. (rN+)
You are resistant to electric shocks. (rElec)
You are resistant to unholy torment.
You are immune to petrification.


Message History

g - a scroll of teleportation The centaur shoots an arrow.
The arrow hits you but does no damage.
The centaur shoots an arrow.
The arrow hits you but does no damage.
The centaur shoots an arrow.
The arrow hits you but does no damage.
Found 27 gold pieces.
The centaur shoots an arrow.
The arrow hits you but does no damage.
Found an escape hatch in the ceiling.
Found a stone staircase leading down.
Harold the Weathered comes into view.
He is wielding a +3 glaive of flaming.
Harold shouts!
Harold throws a throwing net.
The throwing net hits you.
You become entangled in the net!
You see here a throwing net.
You tear a large gash into the net.
You shred the net and break free!
The centaur shoots an arrow.
You block the arrow.
Found a weird glowing staff.
The centaur shoots an arrow.
The arrow closely misses you.
The centaur shoots an arrow.
You block the arrow.
The centaur shoots an arrow.
The arrow closely misses you.
The centaur shoots an arrow.
The arrow closely misses you.
The centaur shoots an arrow.
The arrow barely misses you.
The centaur shoots an arrow.
The arrow hits you!
The centaur shoots an arrow.
You block the arrow. Harold fires a harpoon shot at you.
The harpoon shot hits you but does no damage.
Found an escape hatch in the floor.
Harold hits you from afar with a +3 glaive of flaming!!
Harold burns you.
Found a scroll of identify.
Harold hits you with a +3 glaive of flaming!!
Harold burns you.
* * * LOW HITPOINT WARNING * * *
The centaur shoots an arrow.
The arrow hits you!
* * * LOW HITPOINT WARNING * * *
The centaur shoots an arrow.
The arrow barely misses you. Harold closely misses you.
The centaur shoots an arrow.
The arrow hits you but does no damage.
The centaur shoots an arrow.
The arrow hits you.
* * * LOW HITPOINT WARNING * * *
The centaur shoots an arrow.
The arrow hits you!
You die...

......# ........###
........?..## .......>....
#....PPP.> ###..........##
#......... #P............#
##...P.$.P #............##
###......... ##.>.......@..#
#......PPP..
#............#.##.....#.PP..
#........@...##.......P...c
#........D...#.............
#.##.....................##
#..ccc...#..............P#
##...c#|###.............##
###....####P.......c.......
###......# #......c........


You could see Harold, a four-headed hydra and 4 centaurs.

Vanquished Creatures
  An ugly thing (D:7)
  A rime drake (Lair:1)
  Sigmund (D:5)
  A wraith (D:6)
  A basilisk (D:8)
  5 yaks
  2 wyverns
  A steam dragon (D:7)
  An acid dragon (D:6)
  7 water moccasins
  Duvessa (D:7)
  An orc warrior (D:8)
  2 black bears
  An ogre (D:5)
  2 bullfrogs
  3 necrophages
  3 scorpions
  6 wights (D:7)
  Dowan (D:7)
  2 howler monkeys
  A quasit (D:8)
  8 orc priests
  A centaur zombie (D:7)
  A jelly (D:8)
  A hound (D:4)
  2 orc wizards
  Ijyb (D:4)
  Natasha (thrice) (D:2)
  2 iguanas
  A killer bee zombie (D:7)
  Robin (D:3)
  8 adders
  4 gnolls (D:5)
  A shadow imp (D:6)
  2 white imps
  An ufetubus (D:5)
  2 worms
  2 dart slugs (D:1)
  26 orcs
  6 bats
  9 endoplasms
  6 giant cockroaches
  12 hobgoblins
  3 jackals (D:2)
  3 quokkas
  4 ball pythons
  5 frilled lizards
  13 goblins
  8 kobolds
  A rat (D:3)
181 creatures vanquished.

Vanquished Creatures (others)
  3 fungi (D:8)
  24 plants
  2 withered plants (D:7)
29 creatures vanquished.

Grand Total: 210 creatures vanquished

Notes
Turn   | Place    | Note
-------+----------+-------------------------------------------
     0 | D:1      | vineage the Gargoyle Fighter began the quest for the Orb.
     0 | D:1      | Reached XP level 1. HP: 14/14 MP: 1/1
    31 | D:1      | Found a faded altar of an unknown god.
   240 | D:1      | Reached XP level 2. HP: 14/20 MP: 2/2
   480 | D:1      | Reached skill level 4 in Fighting
   733 | D:1      | Reached XP level 3. HP: 23/24 MP: 3/3
  1053 | D:2      | Noticed Natasha
  1063 | D:2      | Killed Natasha
  1064 | D:2      | Reached XP level 4. HP: 20/30 MP: 4/4
  1378 | D:2      | Reached skill level 5 in Fighting
  1518 | D:2      | Noticed Natasha
  1525 | D:2      | Killed Natasha
  1526 | D:2      | Reached XP level 5. HP: 32/35 MP: 5/5
  1868 | D:2      | Noticed Natasha
  1882 | D:2      | Killed Natasha
  2180 | D:3      | Noticed Robin
  2212 | D:3      | Killed Robin
  2747 | D:3      | Reached skill level 6 in Fighting
  3245 | D:4      | Found Wuconk's Armour Emporium.
  3273 | D:4      | Reached XP level 6. HP: 41/41 MP: 6/6
  3378 | D:4      | Noticed Ijyb
  3398 | D:4      | Killed Ijyb
  3682 | D:4      | Found a staircase to the Ecumenical Temple.
  3692 | Temple   | Entered the Ecumenical Temple
  3881 | D:5      | Entered Level 5 of the Dungeon
  3905 | D:5      | Reached skill level 7 in Fighting
  3905 | D:5      | Reached XP level 7. HP: 48/48 MP: 7/7
  4058 | D:5      | Reached skill level 8 in Fighting
  4058 | D:5      | Reached skill level 5 in Maces & Flails
  4164 | D:5      | Noticed Sigmund
  4188 | D:5      | Killed Sigmund
  4189 | D:5      | Reached XP level 8. HP: 49/55 MP: 8/8
  4379 | D:5      | Found a shadowy altar of Dithmenos.
  4557 | D:6      | Found a shimmering blue altar of Sif Muna.
  4557 | D:6      | Found an iron altar of Okawaru.
  4557 | D:6      | Found a shimmering altar of Xom.
  4558 | D:6      | Found a basalt altar of Yredelemnul.
  4559 | D:6      | Found a blossoming altar of Fedhas.
  4559 | D:6      | Found a burning altar of Makhleb.
  4588 | D:6      | Reached skill level 9 in Fighting
  4590 | D:6      | Found a stormy altar of Qazlal.
  4595 | D:6      | Became a worshipper of Warmaster Okawaru
  4912 | D:6      | Noticed a wraith
  4913 | D:6      | Found an ancient bone altar of Kikubaaqudgha.
  4956 | D:6      | Killed a wraith
  4984 | D:6      | Found a sacrificial altar of Ru.
  5022 | D:6      | Found Naazusawk's Distillery.
  5098 | D:6      | Found Piashoaph's Overcharged Wands.
  5233 | D:6      | Found Noabbud's Antique Weapon Boutique.
  5471 | D:6      | Reached skill level 10 in Fighting
  5681 | D:7      | Got Xoimod's Papyrus of the Blistering Entourage
  5712 | D:7      | Reached * piety under Okawaru
  5729 | D:7      | Noticed a green ugly thing
  5738 | D:7      | Reached XP level 9. HP: 54/63 MP: 9/9
  5764 | D:7      | Killed a green ugly thing
  5775 | D:7      | Reached ** piety under Okawaru
  5935 | D:7      | Reached skill level 11 in Fighting
  5996 | D:7      | Noticed Duvessa
  6000 | D:7      | Noticed Dowan
  6005 | D:7      | Killed Duvessa
  6014 | D:7      | Killed Dowan
  6264 | D:7      | Found a hazy altar of Hepliaklqana.
  6700 | D:8      | Reached skill level 5 in Armour
  6700 | D:8      | Reached skill level 5 in Shields
  6708 | D:7      | Reached *** piety under Okawaru
  6868 | D:7      | Reached XP level 10. HP: 51/71 MP: 10/10
  6927 | D:8      | Found a transporter.
  6936 | D:8      | Noticed initializr's ghost (novice GrFi)
  6964 | D:8      | Found a transporter.
  7158 | D:8      | Reached skill level 12 in Fighting
  7181 | D:8      | Reached **** piety under Okawaru
  7323 | D:8      | Found a staircase to the Lair.
  7938 | Lair:1   | Entered Level 1 of the Lair of Beasts
  8036 | Lair:1   | You fall into a shaft and drop 1 floor!
  8038 | Lair:2   | Found a staircase to the Shoals.
  8038 | Lair:2   | Noticed a four-headed hydra
  8065 | Lair:2   | Noticed Harold
  8073 | Lair:2   | Shot with an arrow by a centaur

Illustrated notes

Levels and vault maps discovered:
D:1:      minmay_arrival_glassed_features, layout_basic, basic_ecumenical_altar,
          amethyst_killhole
D:2:      layout_basic, uniq_natasha
D:3:      layout_loops_cross, uniq_robin
D:4:      layout_basic, minmay_temple_entry_glass, serial_shops, shop_coins,
          uniq_ijyb
D:5:      layout_rooms, lemuel_coloured_pillars_altar, serial_curves,
          eino_curves_02, eino_curves_02, grunt_decor_junction, uniq_sigmund
D:6:      layout_loops_corners, grunt_temple_overflow_open,
          jmf_multi_god_temple, serial_shops, nicolae_shop_behind_doors,
          nicolae_wooded_promenade, nicolae_shop_overcharged_wands
D:7:      layout_basic, nicolae_hepliaklqana_hazy_memory, serial_undead,
          serial_undead_e, serial_undead_b, serial_undead_e, serial_undead_c,
          uniq_duvessa
D:8:      layout_gridville, minmay_lair_entry_grove, gammafunk_ghost_stat_death,
          minivault_10
Temple:   zaba_magenta_temple
Lair:1:   layout_hall_layers, special_room [special_room_bee],
          patterned_corridor, lemuel_fruit_fields, uniq_joseph
Lair:2:   layout_cave_pods, minmay_shoals_entry_centaurs, serial_bayou_shore_a,
          serial_bayou_shore_b, serial_bayou_shore_b, uniq_harold

Skill      XL: |  1  2  3  4  5  6  7  8  9 10 |
---------------+-------------------------------+-----
Fighting       | 4 5 6 7 8 10 11 12 | 12.6
Maces & Flails | 3 4 5 6 7 8 |  8.2
Armour         | 5 6 |  6.4
Shields        | 5 6 |  6.4

Action                   |  1- 3 |  4- 6 |  7- 9 | 10-12 || total
-------------------------+-------+-------+-------+-------++-------
Melee: Flail             |    99 |   196 |   159 |    99 ||   553
       Whip              |       |       |   292 |       ||   292
Invok: Heroism           |       |       |     1 |     3 ||     4
  Use: Scroll            |     5 |     6 |     3 |     8 ||    22
       Potion            |       |       |     2 |     4 ||     6
Armor: Scale mail        |    60 |   117 |   243 |    88 ||   508
Dodge: Dodged            |    57 |    74 |   203 |    89 ||   423
Block: Buckler           |    31 |    43 |   119 |    60 ||   253

Table legend: (Time is in decaauts)
 A = Elapsed time spent in this place.
 B = Non-inter-level travel time spent in this place.
 C = Inter-level travel time spent in this place.
 D = Time resting spent in this place.
 E = Time spent auto-exploring this place.
 F = Levels seen in this place.
 G = Mean time per level.
                   A        B        C        D        E       F      G
               +--------+--------+--------+--------+--------+-----+--------+
         Total |   8178 |   7942 |    236 |    910 |   5315 |  11 |  743.5 |
       Dungeon |   7968 |   7752 |    216 |    910 |   5177 |   8 |  996.0 |
        Temple |     73 |     56 |     17 |      0 |     50 |   1 |   73.0 |
          Lair |    135 |    133 |      2 |      0 |     88 |   2 |   67.5 |
               +--------+--------+--------+--------+--------+-----+--------+

Top non-repeatable levels by time:
     D:7: 1197 daAuts
     D:6: 1158 daAuts
     D:2: 1153 daAuts
     D:8: 1057 daAuts
     D:3: 1025 daAuts
     D:1: 985 daAuts
     D:4: 733 daAuts
     D:5: 655 daAuts
  Lair:1: 98 daAuts
  Temple: 73 daAuts
  Lair:2: 36 daAuts
